 Dungeon Crawl Stone Soup version 0.21-a0-624-g16f8e2cdda (webtiles) character file.

1953 MirrMurr the Fighter (level 9, -2/97 HPs)
             Began as an Ogre Berserker on Dec 24, 2017.
             Was a Believer of Trog.
             Slain by a vampire (4 damage)
             ... on level 7 of the Dungeon.
             The game lasted 00:13:38 (7899 turns).

MirrMurr the Fighter (Ogre Berserker)               Turns: 7899, Time: 00:13:40

Health: -2/97      AC:  6    Str: 28    XL:     9   Next: 19%
Magic:  9/9        EV: 10    Int:  8    God:    Trog [**....]
Gold:   438        SH:  0    Dex: 11    Spells: 8/8 levels left

rFire    + . .     SeeInvis .   a - +1 flail (drain)
rCold    + . .     Gourm    .   (no shield)
rNeg     . . .     Faith    .   e - +0 robe
rPois    .         Spirit   .   (helmet restricted)
rElec    .         Reflect  .   u - scarf {rC+ rF+}
rCorr    .         Harm     .   (gloves unavailable)
MR       ++...                  (boots unavailable)
Stlth    +.........             (no amulet)
HPRegen  1.26/turn              q - +3 ring of protection
MPRegen  0.11/turn              (no ring)

@: mighty, regenerating
A: large, unfitting armour, tough skin 1
a: Berserk, Trog's Hand, Burn Spellbooks, Renounce Religion


You were on level 7 of the Dungeon.
You worshipped Trog.
Trog was pleased with you.
You were not hungry.

You visited 2 branches of the dungeon, and saw 8 of its levels.

You collected 438 gold pieces.

Inventory:

Hand Weapons
 a - a +1 flail of draining (weapon)
 b - a +0 hunting sling
 t - a +0 mace
Missiles
 f - 181 stones (quivered)
 h - 4 tomahawks
 i - 23 poisoned needles
 n - 46 sling bullets
 o - 7 needles of sleeping
Armour
 e - a +0 robe (worn)
 u - a scarf of resistance (worn)
Jewellery
 j - an uncursed ring of ice
 q - a +3 ring of protection (left hand)
 D - a +5 ring of intelligence {unknown}
Wands
 p - a wand of polymorph (9)
 y - a wand of acid (8)
 K - a wand of disintegration (13)
Scrolls
 k - a scroll of amnesia {unknown}
 r - 6 scrolls of remove curse
 A - a scroll of holy word {unknown}
 B - 3 scrolls of teleportation
 C - a scroll of magic mapping
 G - a scroll of enchant armour
 H - a scroll of immolation {unknown}
 I - a scroll of vulnerability {unknown}
Potions
 d - a potion of mutation {unknown}
 g - 2 potions of might
 l - a potion of magic {unknown}
 m - a potion of agility {unknown}
 s - 2 potions of resistance
 v - 2 potions of invisibility {unknown}
 w - a potion of heal wounds {unknown}
 x - a potion of cancellation {unknown}
 F - a potion of flight {unknown}
 J - a potion of brilliance {unknown}
 L - a potion of haste {unknown}
Comestibles
 c - 4 rations
 E - a chunk of flesh


   Skills:
 + Level 8.6 Fighting
 * Level 8.1 Maces & Flails
 + Level 5.6 Throwing
 - Level 2.6 Dodging


You had 8 spell levels left.
You didn't know any spells.

Dungeon Overview and Level Annotations

Branches:
Dungeon (7/15)             Temple (1/1) D:4

Altars:
Cheibriados
Dithmenos
Elyvilon
Fedhas
Kikubaaqudgha
Makhleb
Nemelex Xobeh
Okawaru
Ru
Sif Muna
Trog
Yredelemnul
Zin
The Shining One


Innate Abilities, Weirdness & Mutations

You are too large for most types of armour.
You have tough skin. (AC +1)


Message History

Unknown command.
You feel better. Something hits you! Something bites you but does no damage.
Your skin crawls.
You feel resistant to hostile enchantments.
You feel somewhat more hungry. Something hits you.
* * * LOW HITPOINT WARNING * * *
Something bites you!
* * * LOW HITPOINT WARNING * * *
Something draws strength from your injuries!
You thump something! Something hits you.
* * * LOW HITPOINT WARNING * * *
Something bites you.
* * * LOW HITPOINT WARNING * * *
Something draws strength from your injuries!
Unknown command.
You feel very mighty all of a sudden. Something hits you!
* * * LOW HITPOINT WARNING * * *
Something bites you.
You die...

##.......##
##.#
##......# #.#
## ##...<##
.##
#..###...# .
#..##.## ..
#...### .#
###...###
#.###
###...##.....
###@.......
#{.......
#..........
#...........
#.......%...
#...........
#..(......(.
#(((........
............


There were no monsters in sight!

Vanquished Creatures
  Joseph (D:7)
  Prince Ribbit (D:6)
  Edmund (D:4)
  2 water moccasins
  A phantom (D:6)
  A sky beast (D:7)
  An ogre (D:4)
  2 centaurs (D:6)
  2 bullfrogs (D:6)
  A bullfrog zombie (D:6)
  A jelly (D:5)
  2 hounds (D:6)
  2 orc priests (D:4)
  A bullfrog skeleton (D:6)
  A centaur skeleton (D:6)
  2 iguanas
  3 orc wizards
  2 worker ants
  The ghost of 4tharraofdagon the Gusty, a weakling SpAE (D:3)
  5 adders
  A shadow imp (D:5)
  2 oozes (D:2)
  3 worms
  2 dart slugs
  2 leopard geckos
  4 orcs
  3 giant cockroaches
  7 goblins
  7 hobgoblins
  2 jackals (D:1)
  4 quokkas
  A ball python (D:3)
  5 bats
  4 frilled lizards
  6 kobolds
  7 rats
93 creatures vanquished.

Notes
Turn   | Place    | Note
-------+----------+-------------------------------------------
     0 | D:1      | MirrMurr the Ogre Berserker began the quest for the Orb.
     0 | D:1      | Reached XP level 1. HP: 24/24 MP: 1/1
   469 | D:1      | Reached XP level 2. HP: 32/32 MP: 2/2
  1316 | D:2      | Reached skill level 1 in Throwing
  1327 | D:2      | Reached XP level 3. HP: 36/40 MP: 3/3
  1529 | D:2      | Reached ** piety under Trog
  1745 | D:2      | Reached XP level 4. HP: 45/49 MP: 4/4
  2032 | D:2      | Found a bloodstained altar of Trog.
  2258 | D:3      | Found a snail-covered altar of Cheibriados.
  2343 | D:3      | Found a sacrificial altar of Ru.
  2346 | D:3      | Noticed 4tharraofdagon's ghost (weakling SpAE)
  2357 | D:3      | Killed 4tharraofdagon's ghost
  2680 | D:3      | Found a deep blue altar of Sif Muna.
  2818 | D:3      | Reached skill level 5 in Fighting
  2818 | D:3      | Reached XP level 5. HP: 57/57 MP: 5/5
  4242 | D:4      | Noticed Edmund
  4256 | D:4      | Killed Edmund
  4256 | D:4      | Reached XP level 6. HP: 67/67 MP: 6/6
  4304 | D:4      | Found a blossoming altar of Fedhas.
  4442 | D:4      | Found a burning altar of Makhleb.
  4442 | D:4      | Noticed a blizzard demon
  4472 | D:4      | Reached skill level 5 in Maces & Flails
  4822 | D:4      | Found a staircase to the Ecumenical Temple.
  4828 | Temple   | Entered the Ecumenical Temple
  5089 | D:4      | Reached XP level 7. HP: 69/75 MP: 7/7
  5242 | D:5      | Entered Level 5 of the Dungeon
  5263 | D:5      | Found an ancient bone altar of Kikubaaqudgha.
  5394 | D:5      | Found a bloodstained altar of Trog.
  5428 | D:5      | Found a shadowy altar of Dithmenos.
  5958 | D:6      | Noticed Prince Ribbit
  5990 | D:6      | Killed Prince Ribbit
  6348 | D:6      | Found a basalt altar of Yredelemnul.
  6403 | D:6      | Reached XP level 8. HP: 84/84 MP: 8/8
  6528 | D:6      | Found a sparkling altar of Nemelex Xobeh.
  6528 | D:6      | Found an iron altar of Okawaru.
  7530 | D:7      | Noticed Joseph
  7540 | D:7      | Killed Joseph
  7540 | D:7      | Reached skill level 5 in Throwing
  7654 | D:6      | Reached XP level 9. HP: 78/97 MP: 9/9
  7687 | D:7      | Found a white marble altar of Elyvilon.
  7687 | D:7      | Found a glowing silver altar of Zin.
  7688 | D:7      | Found a glowing golden altar of the Shining One.
  7899 | D:7      | HP: 2/97 [something (7)]
  7899 | D:7      | Slain by a vampire

Vault maps used:
D:1:      tarquinn_simple_flora_water_b
D:2:      nicolae_overflow_crystal_walls, first_ration
D:3:      nicolae_ru_awakened_eye, led_sif_book, cheibriados_altar_1
D:4:      lemuel_crystal_altar, makhleb_altar_promises_db,
          minmay_temple_entry_hall, uniq_edmund
D:5:      lemuel_doored_altar, grunt_dithmenos_smoke, bloody_trog
D:6:      yredelemnul_altar_generic, gammafunk_temple_overflow_statue,
          uniq_prince_ribbit1
D:7:      good_gods_temple_1, serial_shops,
          nicolae_shop_temple_entry_statues_fountains, st_stairs_13, uniq_joseph
Temple:   corrupted_temple

Skill      XL: |  1  2  3  4  5  6  7  8  9 |
---------------+----------------------------+-----
Maces & Flails | 3 4 5 6 7 8 |  8.1
Throwing       | 1 2 3 4 5 |  5.6
Fighting       | 5 6 8 |  8.6
Dodging        | |  2.6

Action                   |  1- 3 |  4- 6 |  7- 9 || total
-------------------------+-------+-------+-------++-------
Melee: Mace              |    87 |    35 |       ||   122
       Flail             |       |    10 |   107 ||   117
 Fire: Hunting sling     |    16 |    96 |    79 ||   191
Invok: Berserk           |     1 |     2 |     1 ||     4
       Trog's Hand       |       |       |     1 ||     1
  Use: Scroll            |     2 |     5 |     3 ||    10
       Potion            |       |       |     2 ||     2
 Stab: Sleeping          |     1 |       |       ||     1
  Eat: Chunk             |     4 |     4 |     7 ||    15
       Ration            |       |     2 |     1 ||     3
Armor: Robe              |    35 |    11 |    35 ||    81
       Animal skin       |     5 |       |       ||     5
Dodge: Dodged            |    51 |    29 |    52 ||   132

Table legend:
 A = Spawn XP
 B = Non-spawn XP
 C = Spawn XP percentage of total XP
 D = Spawn monster count
 E = Non-spawn monster count
 F = Spawn count percentage of total count
 G = Total turns spent on level
                    A         B        C        D         E        F      G
               +---------+---------+-------+---------+---------+-------+---------
         Total |       0 |    2790 |   0.0 |       0 |      93 |   0.0 |  7899
               +---------+---------+-------+---------+---------+-------+---------
           D:1 |       0 |      27 |   0.0 |       0 |      17 |   0.0 |  1307
           D:2 |       0 |      85 |   0.0 |       0 |      25 |   0.0 |   997
           D:3 |       0 |      98 |   0.0 |       0 |      11 |   0.0 |  1483
           D:4 |       0 |     508 |   0.0 |       0 |      14 |   0.0 |  1453
           D:5 |       0 |      63 |   0.0 |       0 |       5 |   0.0 |   571
           D:6 |       0 |    1196 |   0.0 |       0 |      16 |   0.0 |  1824
           D:7 |       0 |     813 |   0.0 |       0 |       5 |   0.0 |   262
               +---------+---------+-------+---------+---------+-------+---------
